 Dungeon Crawl Stone Soup version 0.30-a0-953-g5f1da4a474 (webtiles) character file.

Game seed: 17614706294958912261

30 BlueFish the Grasshopper (level 3, 0/24 HPs)
             Began as an Octopode Warper on Mar 28, 2023.
             Succumbed to an adder's poison
             ... on level 2 of the Dungeon.
             The game lasted 00:01:25 (761 turns).

BlueFish the Grasshopper (Octopode Warper)           Turns: 761, Time: 00:01:25

Health: 0/24       AC:  1    Str: 12    XL:     3   Next: 20%
Magic:  6/6        EV: 13    Int: 15    God:
Gold:   91         SH:  0    Dex: 11    Spells: 6/6 levels left

rFire   . . .      SeeInvis .    j - +0 whip
rCold   . . .      Faith    .    (no shield)
rNeg    . . .      Spirit   .    (helmet restricted)
rPois   .          Reflect  .    (no amulet)
rElec   .          Rampage  .    (no ring)
rCorr   .                        (no ring)
Will    .....                    (no ring)
Stlth   +++                      (no ring)
HPRegen 0.24/turn                (no ring)
MPRegen 0.10/turn                (no ring)
                                 (no ring)
                                 (no ring)

@: brilliant, lethally poisoned (0 -> -2), attractive, hasted, invisible, very
quick
A: almost no armour, amphibious, 8 rings, camouflage 1, gelatinous body 1,
(nimble swimmer 1), tentacles
a: no special abilities


You were on level 2 of the Dungeon.
You visited 1 branch of the dungeon, and saw 2 of its levels.

You collected 91 gold pieces.

Inventory:

Hand Weapons
 j - a +0 whip (weapon)
 n - a +0 mace
Missiles
 b - 7 boomerangs of dispersal (quivered)
 d - 26 stones
 f - 4 poisoned darts
Scrolls
 a - a scroll of blinking
 c - a scroll of acquirement {unknown}
 h - a scroll of fear {unknown}
 i - a scroll of identify {unknown}
 k - a scroll of teleportation {unknown}
Potions
 g - 2 potions of invisibility


   Skills:
 + Level 2.2 Fighting
 + Level 1.3 Throwing
 + Level 2.5 Dodging
 * Level 2.3 Stealth
 - Level 2.0 Unarmed Combat
 + Level 2.1 Spellcasting
 + Level 3.1 Translocations


You had 6 spell levels left.
You didn't know any spells.
Your spell library contained the following spells:

 Spells                   Type           Power      Damage    Failure   Level
 Blink                    Tloc           32%        N/A       9%          2
 Lesser Beckoning         Tloc           32%        N/A       9%          2
 Teleport Other           Tloc           16%        N/A       19%         3
 Vhi's Electric Charge    Tloc/Air       18%        N/A       34%         3
 Manifold Assault         Tloc           16%        N/A       52%         4


Dungeon Overview and Level Annotations

Branches:
Dungeon (2/15)

Altars:


Innate Abilities, Weirdness & Mutations

You cannot wear most types of armour.
You are amphibious.
You can wear up to eight rings at the same time.
Your skin changes colour to match your surroundings (Stealth+).
Your rubbery body absorbs attacks. (AC +1, EV +1)
((You are camouflaged when in or above water. (Stealth+)))
You have tentacles for arms and can constrict up to eight enemies at once.


Message History

You miss the adder. Your grab misses the adder. The adder bites you.
You are poisoned.
The adder poisons you!
You hit the adder. You grab the adder.
The adder is lightly wounded.
You constrict the adder.
You feel sick. The adder barely misses you. The adder bites you.
You are more poisoned.
The adder poisons you!
You hit the adder but do no damage. You squeeze the adder.
The adder is severely wounded.
You constrict the adder.
You feel very sick. The adder bites you but does no damage.
You barely miss the adder.
The adder is severely wounded.
You constrict the adder.
You feel sick. The adder bites you.
* * * LOW HITPOINT WARNING * * *
You hit the adder.
You kill the adder!
* * * LOW HITPOINT WARNING * * *
You feel sick.
You have reached level 3!
Your experience leads to an increase in your attributes!
Increase (S)trength, (I)ntelligence, or (D)exterity?
You feel stronger. x2
It was a potion of invisibility.
You fade into invisibility!
* * * LOW HITPOINT WARNING * * *
You feel sick.
It was a potion of brilliance.
You feel clever all of a sudden.
* * * LOW HITPOINT WARNING * * *
You feel sick.
It was a potion of haste.
You feel yourself speed up.
* * * LOW HITPOINT WARNING * * *
You feel sick.
It was a potion of attraction.
You feel attractive to monsters.
You die...

..# ..# # .)## #.#####..8#
.#......# .......# #.#.†..#
##########.#@#
####............#
#.......#####.### #######
#.......# #... #.....#
#.......######### #.....#
#..............<# #.....#
#.......############.....#
...................†'.....#
#####################.....#


There were no monsters in sight!

Vanquished Creatures
  An adder (D:2)
  A worm (D:2)
  A bat (D:1)
  2 giant cockroaches
  2 goblins
  3 hobgoblins (D:1)
  3 kobolds (D:1)
  3 ball pythons
  A frilled lizard (D:1)
17 creatures vanquished.

Notes
Turn   | Place    | Note
-------+----------+-------------------------------------------
     0 | D:1      | BlueFish the Octopode Warper began the quest for the Orb.
     0 | D:1      | Reached XP level 1. HP: 14/14 MP: 3/3
   164 | D:1      | Reached skill level 1 in Stealth
   171 | D:1      | Reached XP level 2. HP: 15/19 MP: 5/5
   434 | D:1      | Found a faded altar of an unknown god.
   758 | D:2      | Reached XP level 3. HP: 3/24 MP: 6/6
   760 | D:2      | HP: 1/24 [poisoned by an adder]
   761 | D:2      | Succumbed to an adder's poison

Illustrated notes

Levels and vault maps discovered:
D:1:      dpeg_arrival_rooms_b, layout_rooms, shapermc_ecumenical_altar_venn,
          minmay_pentomino_z4
D:2:      layout_basic, serial_corexii_hall, chequers_hall_statues_wall_a,
          corexii_hall_statues_s, corexii_hall_statues_t,
          chequers_hall_statues_wall_a, patterned_corridor, uniq_terence,
          uniq_robin

Skill      XL: |  1  2 |
---------------+-------+-----
Stealth        | 1 2 |  2.3
Fighting       | |  2.2
Throwing       | |  1.3
Dodging        | |  2.5
Unarmed Combat | |  2.0
Spellcasting   | |  2.1
Translocations | |  3.1

Action                     || total
---------------------------++-------
  Melee: Unarmed           ||    19
         Constrict         ||    10
         Tentacles         ||     9
         Whip              ||    17
    Use: Potion            ||     4
   Stab: Sleeping          ||     3
 Armour: Skin              ||     1
  Dodge: Dodged            ||    24

Table legend: (Time is in decaauts)
 A = Elapsed time spent in this place.
 B = Non-inter-level travel time spent in this place.
 C = Inter-level travel time spent in this place.
 D = Time resting spent in this place.
 E = Time spent auto-exploring this place.
 F = Levels seen in this place.
 G = Mean time per level.
                   A        B        C        D        E       F      G
               +--------+--------+--------+--------+--------+-----+--------+
         Total |    761 |    729 |     32 |      2 |    569 |   2 |  380.5 |
       Dungeon |    761 |    729 |     32 |      2 |    569 |   2 |  380.5 |
               +--------+--------+--------+--------+--------+-----+--------+

Top non-repeatable levels by time:
     D:1: 545 daAuts
     D:2: 215 daAuts
